Map: Shrines of Lizul

Players

MattyDs

  • Race: Zerg Zerg
  • Spawn Location: 9:00

JackDupp

  • Race: Terran Terran
  • Spawn Location: 6:00

PureLegacy - Winner!

  • Race: Terran Terran
  • Spawn Location: 12:00

Renicito - Winner!

  • Race: Zerg Zerg
  • Spawn Location: 3:00

VOD

Have the link to the VOD?

Description

Time

  • Played on: Nov. 23, 2018, 12:59 p.m.
  • Length: 6:46
Show
View Real Time Build Order
Export as new Build Order

MattyDs Zerg 

Build Orders: Hatch First 

Get SALT Encoding   

  12  0:02  Drone  
  13  0:13  Overlord  
  13  0:18  Drone  
  14  0:31  Drone x2  
  16  0:37  Drone  
  17  0:58  Drone, Hatchery  
  17  1:01  Drone  
  18  1:15  Spawning Pool  
  18  1:17  Extractor  
  16  1:20  Drone  
  16  1:22  Drone  
  18  1:29  Drone  
  19  1:39  Overlord  
  19  1:52  Drone  
  20  2:19  Hatchery  
  19  2:23  Zergling x4  
  19  2:24  Zergling x2  
  19  2:25  Queen  
  19  2:27  Queen  
  23  2:39  Zergling x2  
  23  2:40  Zergling x2  
  24  2:51  Metabolic Boost  
  21  3:17  Spine Crawler  
  19  3:22  Zergling x8  
  19  3:23  Zergling x2  
  4  4:06  Drone x2  
  6  4:27  Spine Crawler  
  5  4:38  Zergling x2  
  6  4:42  Zergling x2  
  7  4:49  Drone  
  8  4:57  Drone  
  9  5:06  Drone  
  10  5:18  Drone  
  10  5:19  Drone  
  12  5:26  Drone  
  13  5:32  Drone  
  14  5:37  Drone  
  11  6:05  Zergling x14  
  11  6:10  Drone  
  19  6:13  Drone  
  18  6:35  Spawning Pool  
Show
View Real Time Build Order
Export as new Build Order

JackDupp Terran 

Build Orders:  

Get SALT Encoding   

  12  0:01  SCV  
  13  0:16  Supply Depot  
  13  0:18  SCV  
  14  0:30  SCV  
  14  0:31  Refinery  
  15  0:43  Barracks  
  15  0:50  SCV  
  16  1:02  SCV  
  17  1:12  Refinery  
  17  1:14  SCV  
  18  1:26  SCV  
  19  1:33  Supply Depot  
  19  1:35  Marine  
  19  1:37  Factory  
  20  1:40  SCV  
  21  1:52  SCV  
  21  1:53  Marine  
  23  2:04  Engineering Bay  
  23  2:11  Orbital Command  
  23  2:16  Barracks Tech Lab  
  23  2:21  Factory Tech Lab  
  23  2:43  Marine, Siege Tank  
  25  3:01  Marine  
  26  3:07  SCV  
  27  3:17  Factory  
  27  3:19  Marine, SCV  
  29  3:31  SCV  
  30  3:40  Supply Depot  
  30  3:41  Supply Depot  
  30  3:42  Missile Turret  
  30  3:44  Marine  
  31  4:02  Siege Tank  
  30  4:19  Factory Tech Lab  
  30  4:21  Marine  
  31  4:36  Siege Tank  
  34  4:39  Marine  
  35  4:47  Combat Shield  
  35  4:52  Siege Tank  
  38  4:57  Marine  
  38  4:59  Missile Turret  
  39  5:08  Siege Tank, Command Center  
  39  5:14  Marine  
  40  5:32  Marine  
  40  5:34  Siege Tank  
  44  6:05  Refinery  
  44  6:08  Refinery  
Show
View Real Time Build Order
Export as new Build Order

PureLegacy Terran - Winner!

Build Orders:  

Get SALT Encoding   

  12  0:03  SCV  
  13  0:15  SCV  
  13  0:19  Supply Depot  
  14  0:27  SCV  
  15  0:31  Refinery  
  15  0:41  SCV  
  16  0:46  Barracks  
  16  0:53  SCV  
  17  1:03  Barracks  
  17  1:16  Barracks  
  17  1:21  SCV  
  19  1:32  Reaper  
  19  1:39  Orbital Command  
  19  1:47  Refinery  
  19  1:51  Reaper  
  20  1:59  Supply Depot  
  20  2:04  Reaper  
  21  2:10  Reaper  
  21  2:15  SCV  
  23  2:26  Supply Depot  
  24  2:30  Reaper  
  24  2:37  Reaper  
  25  2:45  Reaper  
  25  2:46  SCV  
  26  3:04  Reaper  
  27  3:05  SCV  
  27  3:11  Command Center  
  28  3:18  SCV  
  29  3:20  Reaper  
  30  3:27  Reaper  
  30  3:30  SCV  
  32  3:39  Reaper  
  33  3:48  SCV  
  34  3:58  Barracks  
  34  4:00  Supply Depot, Barracks, SCV  
  31  4:05  Reaper  
  29  4:15  Reaper  
  29  4:16  Reaper  
  29  4:17  SCV  
  32  4:29  Orbital Command  
  32  4:33  SCV  
  32  4:37  Reaper  
  34  4:41  Barracks  
  34  4:45  SCV  
  34  4:46  Reaper  
  34  4:48  Reaper x2  
  34  4:49  Reaper  
  39  4:54  Refinery  
  39  4:57  Refinery  
  39  5:00  SCV  
  40  5:10  Reaper  
  38  5:18  Reaper  
  38  5:20  Reaper x2  
  38  5:21  Reaper  
  39  5:22  SCV  
  39  5:23  SCV  
  41  5:29  Reaper  
  41  5:35  SCV x2  
  44  5:36  Supply Depot  
  44  5:42  Reaper  
  45  5:47  Engineering Bay, SCV x2  
  47  5:50  Reaper  
  47  5:52  Reaper  
  47  5:53  Reaper x2  
  51  5:59  SCV  
  51  6:02  Reaper  
  52  6:05  SCV  
  52  6:07  Supply Depot  
  52  6:11  SCV  
  54  6:14  Reaper  
  54  6:17  SCV  
  56  6:23  SCV  
Show
View Real Time Build Order
Export as new Build Order

Renicito Zerg - Winner!

Build Orders: Pool Only 

Get SALT Encoding   

  12  0:03  Drone  
  13  0:13  Overlord  
  13  0:18  Drone  
  14  0:33  Drone  
  14  0:34  Drone  
  16  0:36  Drone  
  17  0:46  Drone  
  18  0:52  Spawning Pool  
  18  0:56  Extractor  
  16  0:57  Drone  
  17  1:08  Drone  
  18  1:26  Extractor  
  18  1:27  Overlord  
  17  1:34  Drone  
  18  1:40  Queen  
  18  1:42  Zergling x2  
  21  1:48  Spine Crawler  
  21  1:52  Zergling x2  
  21  1:58  Roach Warren  
  20  2:02  Drone  
  21  2:13  Zergling x2  
  22  2:22  Lair  
  22  2:23  Zergling x2  
  23  2:31  Evolution Chamber  
  23  2:34  Drone  
  23  2:47  Roach  
  25  2:53  Roach x2  
  29  3:02  Overlord  
  29  3:11  Metabolic Boost  
  29  3:16  Drone  
  30  3:27  Roach  
  32  3:34  Roach  
  32  3:38  Drone  
  35  3:44  Roach  
  37  3:49  Overlord  
  37  4:01  Zerg Missile Weapons Level 1  
  37  4:38  Roach x4  
  45  4:41  Glial Reconstitution  
  45  4:43  Overlord  
  45  4:44  Overlord  
  45  5:31  Roach x3  
  45  5:32  Roach x3  
  57  5:49  Overseer, Hydralisk Den  
  56  5:51  Drone  
  56  5:52  Pneumatized Carapace  
  57  6:07  Drone  
  57  6:08  Drone x3  
Tags
 
Add a new tag
Caveats
  • Supply blocks, unpowered buildings, or Contaminate may cause inaccurate times.
  • Supply counts are checked every 10 seconds.